[Event "13th Senioren-Cup Tegernsee 2025"]
[Site "Rottach-Egern"]
[Date "2025.04.05"]
[Round "8.2"]
[White "Heinbuch, Detlef Ulrich"]
[Black "Loew, Gerald"]
[Result "1/2-1/2"]
[Annotator "ChessBase"]
[ECO "E04"]
[WhiteElo "2263"]
[BlackElo "2175"]
[PlyCount "71"]
[EventDate "2025.03.25"]
[EventType "swiss"]
[EventCountry "GER"]
[SourceTitle "playchess.com"]
[Source "ChessBase"]
[SourceQuality "1"]
[TimeControl "7800+30"]

1. Nf3 d5 2. g3 c5 3. Bg2 Nc6 4. d4 Nf6 5. O-O e6 6. c4 dxc4 7. dxc5 Qxd1 8. Rxd1 Bxc5 9. Nbd2 c3 10. bxc3 O-O 11. Nb3 Be7 12. Nfd4 Nxd4 13. cxd4 Nd5 14. Na5 Bb4 15. Nc4 Bd7 16. Bd2 Ba4 17. Rdc1 Rad8 18. e3 Bxd2 19. Nxd2 Bc6 20. Nb3 Ne7 21. Bxc6 Nxc6 22. Nc5 Na5 23. Rc3 Rd6 24. Rac1 Rc8 25. Kf1 Rdc6 26. Ke2 b6 27. Ne4 f5 28. Rxc6 Nxc6 29. Nc3 Nb4 30. Kd2 Nd5 31. Ne2 Rxc1 32. Nxc1 g5 33. h3 h5 34. f3 Kf7 35. Nd3 Kf6 36. e4 1/2-1/2

[Event "13th Senioren-Cup Tegernsee 2025"]
[Site "Rottach-Egern"]
[Date "2025.04.05"]
[Round "8.3"]
[White "Pieper, Thomas"]
[Black "Cordts, Ingo"]
[Result "1/2-1/2"]
[Annotator "RC"]
[ECO "C54"]
[WhiteElo "2178"]
[BlackElo "2151"]
[PlyCount "22"]
[EventDate "2025.03.25"]
[EventType "swiss"]
[EventCountry "GER"]
[SourceTitle "playchess.com"]
[Source "ChessBase"]
[SourceQuality "1"]
[TimeControl "7800+30"]

1. e4 e5 2. Nf3 Nc6 3. Bc4 Bc5 4. c3 Nf6 5. d4 exd4 6. b4 Bb6 7. e5 Ne4 8. Bd5 Nxc3 9. Nxc3 dxc3 10. Bg5 Ne7 11. O-O h6 1/2-1/2

[Event "13th Senioren-Cup Tegernsee 2025"]
[Site "Rottach-Egern"]
[Date "2025.04.05"]
[Round "8.4"]
[White "Ernst, Michael"]
[Black "Lindam, Ingo"]
[Result "1-0"]
[Annotator "ChessBase"]
[ECO "E32"]
[WhiteElo "2035"]
[BlackElo "2151"]
[PlyCount "159"]
[EventDate "2025.03.25"]
[EventType "swiss"]
[EventCountry "GER"]
[SourceTitle "playchess.com"]
[Source "ChessBase"]
[SourceQuality "1"]
[TimeControl "7800+30"]

1. d4 Nf6 2. c4 e6 3. Nc3 Bb4 4. Qc2 d6 5. a3 Bxc3+ 6. Qxc3 Nbd7 7. Bg5 h6 8. Bh4 g5 9. Bg3 Ne4 10. Qc2 f5 11. f3 Nxg3 12. hxg3 Qf6 13. e3 e5 14. Ne2 O-O 15. Qd2 Re8 16. Kf2 Qg7 17. Nc3 Nf6 18. Be2 Bd7 19. Nd5 Nxd5 20. cxd5 exd4 21. Qxd4 Qxd4 22. exd4 Kg7 23. Rac1 Rac8 24. Rc3 c6 25. dxc6 Rxc6 26. Rhc1 Rec8 27. Bc4 Rb6 28. R3c2 Rbc6 29. Bb3 Rxc2+ 30. Rxc2 Rxc2+ 31. Bxc2 Kf6 32. Bb3 Bc6 33. Bc4 b6 34. Ke3 Bb7 35. b4 Bc6 36. Bd3 Bd5 37. Ba6 Bb3 38. Bc8 Bc4 39. Bd7 Bf1 40. Kf2 Bc4 41. Ke3 Bd5 42. Bc8 Bc6 43. Ba6 Ba4 44. Bc8 Bb3 45. Bd7 Ba2 46. Bc8 Bb1 47. Ba6 Bc2 48. Bb5 Bb3 49. Bd7 Bd5 50. Bc8 Bc6 51. Ba6 h5 52. Bc8 h4 53. gxh4 f4+ 54. Kd3 gxh4 55. Kc4 Kg5 56. Bh3 Kf6 57. Bg4 Ke7 58. Bf5 Kf6 59. Bg4 d5+ 60. Kc3 Bb5 61. Bh3 Bf1 62. Kb3 Ke7 63. Kc3 Bb5 64. Kb3 Bc4+ 65. Kc3 Kd6 66. Bf5 Bf1 67. Bh3 Kc6 68. Kb3 Kd6 69. Kc3 Bb5 70. Kb3 Bd3 71. Kc3 Be2 72. Kb3 Kc7 73. Kc3 a5 74. bxa5 bxa5 75. Bf5 Bf1 76. Bh3 Kc6 77. Kb3 Bb5 78. Kc3 Bc4 79. Bf5 Bf1 80. Bh3 1-0

[Event "13th Senioren-Cup Tegernsee 2025"]
[Site "Rottach-Egern"]
[Date "2025.04.05"]
[Round "8.7"]
[White "Miller, Klaus"]
[Black "Schoetzig, Detlef"]
[Result "1/2-1/2"]
[Annotator "NA"]
[ECO "B01"]
[WhiteElo "1911"]
[BlackElo "2106"]
[PlyCount "56"]
[EventDate "2025.03.25"]
[EventType "swiss"]
[EventCountry "GER"]
[SourceTitle "playchess.com"]
[Source "ChessBase"]
[SourceQuality "1"]
[TimeControl "7800+30"]

1. e4 d5 2. exd5 Nf6 3. Bb5+ Nbd7 4. c4 a6 5. Bxd7+ Qxd7 6. d4 c6 7. dxc6 Qxc6 8. c5 Qxg2 9. Qf3 Qxf3 10. Nxf3 Bf5 11. Nc3 Rd8 12. Be3 g6 13. O-O $17 (13. Bc1 ) (13. Rc1 $15) 13... Bg7 14. Ne5 Nd5 15. Nxd5 Rxd5 16. f4 O-O 17. Kf2 f6 18. Nc4 Be4 19. Nb6 Rh5 20. Kg3 Rd8 21. Rad1 Bc2 22. Rde1 e5 23. d5 Be4 24. fxe5 fxe5 25. Bh6 Bxh6 26. Rxe4 Bf4+ 27. Rfxf4 exf4+ 28. Rxf4 Rhxd5 1/2-1/2

[Event "13th Senioren-Cup Tegernsee 2025"]
[Site "Rottach-Egern"]
[Date "2025.04.05"]
[Round "8.7"]
[White "Miller, Klaus"]
[Black "Schoetzig, Detlef"]
[Result "*"]
[Annotator "RC"]
[ECO "B01"]
[WhiteElo "1911"]
[BlackElo "2106"]
[PlyCount "25"]
[EventDate "2025.03.25"]
[EventType "swiss"]
[EventCountry "GER"]
[SourceTitle "playchess.com"]
[Source "ChessBase"]
[SourceQuality "1"]
[TimeControl "7800+30"]

1. e4 d5 2. exd5 Nf6 3. Bb5+ Nbd7 4. c4 a6 5. Bxd7+ Qxd7 6. d4 c6 7. dxc6 Qxc6 8. c5 Qxg2 9. Qf3 Qxf3 10. Nxf3 Bf5 11. Nc3 Rd8 12. Be3 g6 13. Bc1 *

[Event "13th Senioren-Cup Tegernsee 2025"]
[Site "Rottach-Egern"]
[Date "2025.04.05"]
[Round "8.8"]
[White "Wenner, Tobias"]
[Black "Kirszenberg, Marc"]
[Result "1/2-1/2"]
[Annotator "RC"]
[ECO "A11"]
[WhiteElo "2078"]
[BlackElo "2066"]
[PlyCount "51"]
[EventDate "2025.03.25"]
[EventType "swiss"]
[EventCountry "GER"]
[SourceTitle "playchess.com"]
[Source "ChessBase"]
[SourceQuality "1"]
[TimeControl "7800+30"]

1. Nf3 d5 2. c4 c6 3. g3 Nf6 4. Bg2 Bf5 5. Qb3 Qb6 6. d3 e6 7. Be3 Qxb3 8. axb3 a6 9. Nh4 Bg6 10. Bd2 Nbd7 11. b4 Be7 12. Nxg6 hxg6 13. h4 O-O 14. O-O Rfe8 15. Na3 Bd6 16. Nc2 Bc7 17. Rfc1 Bb6 18. Ne3 Ne5 19. b3 Nfg4 20. Nxg4 Nxg4 21. Be1 Bd4 22. Ra2 f5 23. Rd1 Rad8 24. Bh3 Nf6 25. e3 Bb6 26. Bg2 1/2-1/2

[Event "13th Senioren-Cup Tegernsee 2025"]
[Site "Rottach-Egern"]
[Date "2025.04.05"]
[Round "8.9"]
[White "Wille, Thomas"]
[Black "Hafner, Robert"]
[Result "1-0"]
[Annotator "NA"]
[ECO "A12"]
[WhiteElo "2110"]
[BlackElo "2011"]
[PlyCount "178"]
[EventDate "2025.03.25"]
[EventType "swiss"]
[EventCountry "GER"]
[SourceTitle "playchess.com"]
[Source "ChessBase"]
[SourceQuality "1"]
[TimeControl "7800+30"]

1. c4 c6 2. Nf3 d5 3. b3 Nf6 4. Bb2 Bf5 5. d3 h6 6. g3 e6 7. Nbd2 Be7 8. Bg2 O-O 9. O-O Nbd7 10. Re1 Bh7 11. a3 a5 12. Ne5 {[%emt 0:06:18] A12: English Opening: 1...c6 with b3 by White.} Nxe5 13. Bxe5 Nd7 14. Bc3 Bf6 15. Qc1 Qb6 16. Bxf6 Nxf6 17. c5 Qc7 18. Qc3 e5 19. b4 axb4 20. axb4 e4 21. dxe4 Nxe4 22. Bxe4 Bxe4 23. Rxa8 Rxa8 24. Ra1 Rxa1+ 25. Qxa1 Bf5 26. Qd4 Qe7 27. e3 Be4 28. f3 Bf5 29. Kf2 Bc2 30. Qf4 f6 $11 31. Qd4 Kf7 32. Qc3 Ba4 33. e4 Bb5 34. Qe3 Qe5 35. exd5 Qxd5 36. Ne4 Qa2+ 37. Qd2 Qb1 38. Nd6+ Kg8 39. Nxb5 cxb5 40. Kg2 Kh7 41. g4 Qb3 42. h4 Qb1 43. h5 f5 44. g5 hxg5 45. Qxg5 Qd3 46. Qg6+ Kh8 47. Kg3 Qc4 48. h6 gxh6 49. Qxh6+ Kg8 50. Qg6+ Kh8 51. Qxf5 Qxb4 52. Qc8+ Kg7 53. Qxb7+ Kf6 54. Qc6+ Ke7 55. Qd6+ Ke8 56. Kh3 Qb3 57. Kg4 Qc4+ 58. f4 Qg8+ 59. Kf5 Qf7+ 60. Ke5 Qh5+ 61. Kd4 Qd1+ 62. Ke4 Qh1+ 63. Ke5 Qh5+ 64. f5 Qh2+ 65. Ke6 Qh6+ 66. f6 Qh3+ 67. Ke5 Qh2+ 68. Ke4 Qe2+ 69. Kf4 Qf2+ 70. Kg4 Qe2+ 71. Kf4 Qf2+ 72. Ke4 Qe2+ 73. Kf5 Qh5+ 74. Kf4 Qh4+ 75. Kf3 Qh1+ 76. Kf2 Qh4+ 77. Kf1 Qc4+ 78. Ke1 Qh4+ 79. Kd2 Qb4+ 80. Kd3 Qb1+ 81. Kc3 b4+ 82. Kc4 Qa2+ 83. Kb5 Qa7 84. c6 b3 85. c7 Qb7+ 86. Kc5 Qa7+ 87. Kc4 Qa4+ 88. Kc3 Qa5+ 89. Kxb3 Qa1 1-0

[Event "13th Senioren-Cup Tegernsee 2025"]
[Site "Rottach-Egern"]
[Date "2025.04.05"]
[Round "8.10"]
[White "Hess, Christian"]
[Black "Wegemund, Hubert"]
[Result "1-0"]
[Annotator "RC"]
[ECO "D32"]
[WhiteElo "2168"]
[BlackElo "2018"]
[PlyCount "55"]
[EventDate "2025.03.25"]
[EventType "swiss"]
[EventCountry "GER"]
[SourceTitle "playchess.com"]
[Source "ChessBase"]
[SourceQuality "1"]
[TimeControl "7800+30"]

1. Nf3 Nf6 2. c4 e6 3. Nc3 d5 4. d4 c5 5. cxd5 exd5 6. Bg5 Be6 7. e4 dxe4 8. Bxf6 Qxf6 9. Nxe4 Qf5 10. Bd3 Qd5 11. Nc3 Qh5 12. d5 Bg4 13. Qe2+ Kd8 14. O-O-O Bd6 15. Ne4 Bf4+ 16. Kb1 Nd7 17. Qc2 Bxf3 18. gxf3 Rc8 19. Bb5 Qf5 20. Bxd7 Qxd7 21. Nxc5 Qc7 22. Qf5 Qxc5 23. Qxf4 Qc2+ 24. Ka1 Qc7 25. d6 Qd7 26. Rhe1 Re8 27. Re7 Qc6 28. Rxe8+ 1-0